 Dungeon Crawl Stone Soup version 0.29.1-12-g30fa7ad0bf (webtiles) character file.

Game seed: 8329952273008777533

58 fantasyman the Covered (level 3, 0/34 HPs)
             Began as a Minotaur Fighter on Dec 20, 2022.
             Slain by a gnoll
             ... wielding a +0 whip
              (7 damage)
             ... on level 2 of the Dungeon.
             The game lasted 00:00:51 (1134 turns).

fantasyman the Covered (Minotaur Fighter)           Turns: 1134, Time: 00:00:52

Health: 0/34       AC:  9    Str: 22    XL:     3   Next: 75%
Magic:  2/2        EV:  9    Int:  5    God:
Gold:   45         SH:  4    Dex:  9    Spells: 2/2 levels left

rFire   . . .      SeeInvis .   a - +0 war axe
rCold   . . .      Faith    .   c - +0 buckler
rNeg    . . .      Spirit   .   b - +0 scale mail
rPois   .          Reflect  .   (helmet restricted)
rElec   .          Harm     .   f - +1 cloak
rCorr   .          Rampage  .   (no gloves)
Will    .....                   (no boots)
Stlth   ..........              (no amulet)
HPRegen 0.11/turn               (no ring)
MPRegen 0.08/turn               (no ring)

@: no status effects
A: horns 2, retaliatory headbutt
a: no special abilities


You were on level 2 of the Dungeon.
You visited 1 branch of the dungeon, and saw 2 of its levels.

You collected 45 gold pieces.

Inventory:

Hand Weapons
 a - a +0 war axe (weapon)
Armour
 b - a +0 scale mail (worn)
 c - a +0 buckler (worn)
 f - a +1 cloak (worn)
Scrolls
 h - a scroll of blinking {unknown}
 j - a scroll of identify {unknown}
 k - a scroll of summoning {unknown}
Potions
 d - 3 potions of might
 e - a potion of invisibility {unknown}
 g - a potion of flight {unknown}
 i - a potion of cancellation {unknown}
 l - 2 potions of heal wounds {unknown}


   Skills:
 + Level 4.3 Fighting
 + Level 3.5 Axes
 + Level 4.4 Armour
 - Level 3.6 Shields


You had 2 spell levels left.
You didn't know any spells.
Your spell library contained the following spells:

 Spells                   Type           Power      Damage    Failure   Level
 Sandblast                Erth           0%         2d4       87%         1
 Passwall                 Tmut/Erth      0%         N/A       95%         2
 Portal Projectile        Hex/Tloc       0%         N/A       99%         3
 Stone Arrow              Conj/Erth      0%         3d7       99%         3
 Tukima's Dance           Hex            0%         N/A       99%         3
 Blade Hands              Tmut           0%         N/A       100%        5


Dungeon Overview and Level Annotations

Branches:
Dungeon (2/15)

Altars:


Innate Abilities, Weirdness & Mutations

You have a pair of horns on your head.
You reflexively headbutt those who attack you in melee.


Message History

The gnoll moves out of view.
You see here a hobgoblin corpse.
There are monsters nearby!
The gnoll hits you but does no damage.
There are monsters nearby!
You barely miss the gnoll. You hit the gnoll but do no damage.
The gnoll hits you but does no damage. The gnoll closely misses you.
The gnoll hits you with a +2 flail of holy wrath.
You block the gnoll's attack. The gnoll barely misses you.
The gnoll hits you from afar with a +0 spear.
There are monsters nearby!
There are monsters nearby!
You slash the gnoll!
The gnoll is almost dead.
You completely miss the gnoll. The gnoll barely misses you.
The gnoll hits you with a +2 flail of holy wrath.
The gnoll barely misses you. x2
There are monsters nearby!
You completely miss the gnoll.
The gnoll is almost dead.
You slash the gnoll! You block the gnoll's attack. The gnoll barely misses you.
The gnoll hits you but does no damage.
The gnoll hits you from afar with a +0 spear.
There are monsters nearby!
You barely miss the gnoll.
The gnoll is almost dead.
You completely miss the gnoll. The gnoll hits you but does no damage.
You block the gnoll's attack.
The gnoll hits you from afar with a +0 spear.
The gnoll hits you with a +2 flail of holy wrath!
The gnoll hits you from afar with a +0 spear.
* * * LOW HITPOINT WARNING * * *
The gnoll barely misses you. x2; You block the gnoll's attack.
You are too injured to fight recklessly!
Unknown command.
You are too injured to fight recklessly!
Unknown command.
The gnoll attacks as you move away! The gnoll barely misses you.
The gnoll hits you with a +0 whip!
You die...

#######.###.# ###
#.........# ..
#.#####...#
..#.........# #
.#####.....# #.
..#<......# #..
#.#.......#
#..g#.#.......#
#..g..@.#..##.#
#...gg........#
.......##########
..####> . ##


You could see 4 gnolls.

Vanquished Creatures
  2 adders (D:2)
  5 bats
  5 endoplasms (D:1)
  A giant cockroach (D:1)
  A goblin (D:1)
  3 hobgoblins
  5 jackals (D:1)
  4 quokkas (D:1)
  2 ball pythons (D:1)
  3 kobolds
  5 rats (D:1)
36 creatures vanquished.

Notes
Turn   | Place    | Note
-------+----------+-------------------------------------------
     0 | D:1      | fantasyman the Minotaur Fighter began the quest for the
                  | Orb.
     0 | D:1      | Reached XP level 1. HP: 19/19 MP: 0/0
   210 | D:1      | Found a faded altar of an unknown god.
   223 | D:1      | Reached XP level 2. HP: 27/27 MP: 1/1
   636 | D:1      | Reached XP level 3. HP: 32/33 MP: 2/2
  1134 | D:2      | Slain by a gnoll

Illustrated notes

Levels and vault maps discovered:
D:1:      ebering_trefoil_twist, layout_loops_ring,
          hellmonk_ecumenical_altar_zigzags
D:2:      layout_basic, grunt_ministairs_2, minmay_lizard_king

Skill      XL: |  1  2 |
---------------+-------+-----
Armour         | 4 |  4.4
Fighting       | 4 |  4.3
Axes           | 3 |  3.5
Shields        | |  3.6

Action                   || total
-------------------------++-------
Melee: War axe           ||    76
       Headbutt          ||    11
Armor: Scale mail        ||    52
Dodge: Dodged            ||    37
Block: Buckler           ||    22
